 Dungeon Crawl Stone Soup version 0.26-a0-854-gdc81c2f471 (webtiles) character file.

Game seed: 9963862874164389312

279 iamoutofideas the Magician (level 6, -2/32 HPs)
             Began as a Deep Elf Fire Elementalist on Nov 23, 2020.
             Was a Follower of Vehumet.
             Slain by a hornet zombie (9 damage)
             ... on level 4 of the Dungeon.
             The game lasted 00:05:28 (4481 turns).

iamoutofideas the Magician (DEFE)                   Turns: 4481, Time: 00:05:29

Health: -2/32      AC: 10    Str:  5    XL:     6   Next: 5%
Magic:  13/16      EV: 13    Int: 22    God:    Vehumet [*.....]
Gold:   254        SH:  0    Dex: 15    Spells: 11/15 levels left

rFire    . . .     SeeInvis .   c - +0 dagger (holy)
rCold    . . .     Faith    .   (no shield)
rNeg     . . .     Spirit   .   a - +0 robe
rPois    +         Reflect  .   e - +2 helmet
rElec    .         Harm     .   (no cloak)
rCorr    .         Rampage  .   (no gloves)
MR       .....                  u - +0 pair of boots (curse)
Stlth    ++........             (no amulet)
HPRegen  0.10/turn              m - +4 ring of protection
MPRegen  0.15/turn              q - ring of poison resistance

@: no status effects
A: no striking features
a: Renounce Religion


You were on level 4 of the Dungeon.
You worshipped Vehumet.
Vehumet was aware of your devotion.
You visited 2 branches of the dungeon, and saw 5 of its levels.

You collected 254 gold pieces.

Inventory:

Hand Weapons
 c - a +0 dagger of holy wrath (weapon)
Missiles
 i - 2 javelins (quivered)
Armour
 a - a +0 robe (worn)
 e - a +2 helmet (worn)
 u - a cursed +0 pair of boots (worn)
Jewellery
 m - a +4 ring of protection (left hand)
 q - a ring of poison resistance (right hand)
Wands
 t - a wand of digging (3)
Scrolls
 b - a scroll of magic mapping {unknown}
 f - 6 scrolls of remove curse {unknown}
 g - 4 scrolls of identify {unknown}
 j - a scroll of amnesia {unknown}
 k - a scroll of blinking {unknown}
 s - 2 scrolls of teleportation {unknown}
Potions
 d - a potion of curing {unknown}
 h - a potion of attraction {unknown}
 l - a potion of resistance {unknown}
 n - a potion of invisibility {unknown}
 o - a potion of ambrosia {unknown}
 p - a potion of mutation {unknown}
 r - 2 potions of flight {unknown}


   Skills:
 - Level 2.5 Dodging
 - Level 2.4 Stealth
 + Level 5.4 Spellcasting
 + Level 3.7 Conjurations
 + Level 5.1 Fire Magic


You had 11 spell levels left.
You knew the following spells:

 Your Spells              Type           Power        Failure   Level
a - Foxfire               Conj/Fire      ####         1%          1
b - Conjure Flame         Conj/Fire      ####....     4%          3

Your spell library contained the following spells:

 Spells                   Type           Power        Failure   Level
 Sandblast                Erth           #.....       10%         1
 Magic Dart               Conj           ###.         1%          1
 Searing Ray              Conj           ###...       3%          2
 Inner Flame              Hex/Fire       ###.....     10%         3
 Dazzling Flash           Conj/Hex       ##....       14%         3
 Sticky Flame             Conj/Fire      ####....     16%         4
 Fulminant Prism          Conj/Hex       ##........   41%         4
 Iskenderun's Mystic Bla  Conj/Tloc      ##......     41%         4
 Fireball                 Conj/Fire      ####......   41%         5


Dungeon Overview and Level Annotations

Branches:
Dungeon (4/15)             Temple (1/1) D:4

Altars:
Ashenzari
Dithmenos
Makhleb
Nemelex Xobeh
Okawaru
Qazlal
Sif Muna
Trog
Vehumet
Xom
Yredelemnul
Zin
The Shining One

Annotations:
D:2 exclusion: downstairs


Message History

Casting: Foxfire (safe; 1% risk of failure)
Confirm with . or Enter, or press ? or * to list all spells.
You conjure some foxfire!
The hornet zombie hits you.
Unknown command.
Casting: Foxfire (safe; 1% risk of failure)
Confirm with . or Enter, or press ? or * to list all spells.
You conjure some foxfire!
The foxfire hits the hornet zombie but does no damage.
The hornet zombie is moderately damaged.
The foxfire hits the hornet zombie but does no damage.
The hornet zombie is moderately damaged.
The hornet zombie hits you!
* * * LOW HITPOINT WARNING * * *
The hornet zombie barely misses you.
Casting: Foxfire (safe; 1% risk of failure)
Confirm with . or Enter, or press ? or * to list all spells.
You conjure some foxfire!
The foxfire hits the hornet zombie.
The hornet zombie is heavily damaged.
The hornet zombie hits you!
You die...

######.........#
####..............#
#.##.####.........#
#####....# #.........#
#[.....### #........<.
...###.###########.#####
# #.#...........###..
#####.#####?v§#
#######.##...
........>..Z@v#
###.#....
#####.###.#v#§#
##...#..## # #.#####
#..###..## ...
#.####..## ..#..
#####.#....... ..# #..
#...#...##.... .#....#
..# #.. #......####...
.#...#..# #..#...#..#
#... .....# ##..#..#
#.##


You could see a hornet zombie.

Vanquished Creatures
  2 orc priests (D:3)
  A centaur skeleton (D:2)
  A worker ant (D:4)
  3 adders
  4 gnolls (D:4)
  An ufetubus (D:4)
  2 oozes
  2 worms (D:3)
  5 dart slugs
  4 orcs
  A ball python (D:2)
  8 goblins
  9 hobgoblins
  3 jackals (D:3)
  7 kobolds
  A quokka (D:3)
  5 bats
  3 frilled lizards (D:2)
  14 rats
76 creatures vanquished.

Vanquished Creatures (collateral kills)
  3 foxfires (D:4)
3 creatures vanquished.

Vanquished Creatures (others)
  207 foxfires
207 creatures vanquished.

Grand Total: 286 creatures vanquished

Notes
Turn   | Place    | Note
-------+----------+-------------------------------------------
     0 | D:1      | iamoutofideas the Deep Elf Fire Elementalist began the
                  | quest for the Orb.
     0 | D:1      | Reached XP level 1. HP: 10/10 MP: 6/6
   410 | D:1      | Reached XP level 2. HP: 15/15 MP: 5/8
   814 | D:1      | Found a shimmering altar of Xom.
  1453 | D:2      | Reached XP level 3. HP: 12/19 MP: 1/10
  1540 | D:2      | Reached XP level 4. HP: 11/24 MP: 4/12
  1753 | D:2      | Found a radiant altar of Vehumet.
  1764 | D:2      | Became a worshipper of Vehumet
  1956 | D:2      | Learned a level 3 spell: Conjure Flame
  2657 | D:3      | Noticed an ice beast
  3163 | D:3      | Reached * piety under Vehumet
  3163 | D:3      | Offered knowledge of Sandblast by Vehumet.
  3168 | D:3      | Reached XP level 5. HP: 28/28 MP: 10/14
  3420 | D:3      | Reached skill level 5 in Spellcasting
  3762 | D:4      | Reached skill level 5 in Fire Magic
  3880 | D:4      | Found a staircase to the Ecumenical Temple.
  3907 | Temple   | Entered the Ecumenical Temple
  4175 | D:4      | Found a broken altar of Ashenzari.
  4239 | D:4      | Reached XP level 6. HP: 27/32 MP: 12/16
  4481 | D:4      | Slain by a hornet zombie

Illustrated notes

Levels and vault maps discovered:
D:1:      eino_arrival_cavern_e, layout_basic, xom_teletrap_fun
D:2:      layout_rooms, old_standard_altar
D:3:      layout_loops_ring, minmay_misc_feat_tiny, st_stairs_7,
          kennysheep_generic_room_8
D:4:      minmay_diamond_boxcup, layout_rooms,
          minmay_temple_entry_drinking_statues, cheibrodos_ashenzari_chains
Temple:   minmay_temple_curvy_loop

Skill      XL: |  1  2  3  4  5 |
---------------+----------------+-----
Spellcasting   | 4 5 |  5.4
Conjurations   | 2 3 |  3.7
Fire Magic     | 4 5 |  5.1
Dodging        | |  2.5
Stealth        | |  2.4

Action                   |  1- 3 |  4- 6 || total
-------------------------+-------+-------++-------
Melee: Dagger            |    36 |    96 ||   132
 Cast: Foxfire           |    42 |    99 ||   141
 Stab: Sleeping          |     1 |     4 ||     5
Armor: Robe              |    11 |    36 ||    47
Dodge: Dodged            |    34 |   124 ||   158

Table legend: (Time is in decaauts)
 A = Elapsed time spent in this place.
 B = Non-inter-level travel time spent in this place.
 C = Inter-level travel time spent in this place.
 D = Time resting spent in this place.
 E = Time spent auto-exploring this place.
 F = Levels seen in this place.
 G = Mean time per level.
                   A        B        C        D        E       F      G
               +--------+--------+--------+--------+--------+-----+--------+
         Total |   4480 |   4318 |    162 |    973 |   2592 |   5 |  896.0 |
       Dungeon |   4275 |   4136 |    139 |    973 |   2410 |   4 | 1068.8 |
        Temple |    205 |    182 |     23 |      0 |    182 |   1 |  205.0 |
               +--------+--------+--------+--------+--------+-----+--------+

Top non-repeatable levels by time:
     D:1: 1444 daAuts
     D:2: 1319 daAuts
     D:3: 990 daAuts
     D:4: 520 daAuts
  Temple: 205 daAuts
